 Dungeon Crawl Stone Soup version 0.19-a0-649-gca8dce1 (webtiles) character file.

217 Justinthyme the Caller (level 5, -2/31 HPs)
             Began as a Tengu Summoner on June 14, 2016.
             Was an Initiate of Sif Muna.
             Killed from afar by Ijyb (9 damage)
             ... with a wand of lightning
             ... on level 3 of the Dungeon.
             The game lasted 00:30:07 (3750 turns).

Justinthyme the Caller (Tengu Summoner)             Turns: 3750, Time: 00:30:07

Health: -2/31      AC: 10    Str:  8    XL:     5   Next: 94%
Magic:  3/10       EV: 14    Int: 17    God:    Sif Muna [......]
Gold:   127        SH:  0    Dex: 14    Spells: 2 memorised, 6 levels left

rFire  + . .     SeeInvis .     y - -2 trident (curse)
rCold  . . .     Gourm    .     a - +0 robe
rNeg   . . .     Faith    .     (no shield)
rPois  .         Spirit   .     (helmet restricted)
rElec  .         Dismiss  .     v - +0 cloak
rCorr  .         Reflect  .     i - +0 pair of gloves
SustAt .         Harm     .     (boots unavailable)
MR     .....                    (no amulet)
Stlth  ++........               u - ring of protection from fire
                                e - +6 ring of protection

@: about to teleport, not resistant to hostile enchantments, unstealthy
A: beak, talons 3, able to fly 1
a: Fly, Renounce Religion


You were on level 3 of the Dungeon.
You worshipped Sif Muna.
Sif Muna was noncommittal.
You were hungry.

You visited 1 branch of the dungeon, and saw 3 of its levels.

You collected 127 gold pieces.

Inventory:

Hand Weapons
 k - a +0 short sword
 y - a cursed -2 trident (weapon)
Armour
 a - a +0 robe (worn)
 i - a +0 pair of gloves (worn)
 v - a +0 cloak (worn)
Jewellery
 e - a +6 ring of protection (left hand)
 u - a ring of protection from fire (right hand)
Wands
 n - a wand of polymorph (6/24)
Scrolls
 f - a scroll of magic mapping {unknown}
 g - a scroll of blinking {unknown}
 h - a scroll of teleportation
 j - a scroll of immolation {unknown}
 p - 2 scrolls of identify
 t - a scroll of remove curse {unknown}
Potions
 d - a potion of degeneration {unknown}
 m - a potion of resistance {unknown}
 o - a potion of flight {unknown}
 r - a potion of curing {unknown}
 s - a potion of brilliance
 w - a potion of agility
Books
 b - a book of Callings

   Spells                             Type                      Level
   a - Summon Small Mammal            Summoning                    1
   b - Call Imp                       Summoning                    2
   c - Call Canine Familiar           Summoning                    3
   d - Summon Guardian Golem          Hexes/Summoning              3
   e - Summon Lightning Spire         Summoning/Air                4
   f - Summon Ice Beast               Ice/Summoning                4
Comestibles
 c - 3 bread rations
 l - 14 fruits
 q - a slice of pizza


   Skills:
 + Level 2.6 Fighting
 * Level 0.0 Polearms
 + Level 3.8 Dodging
 - Level 2.0 Stealth
 - Level 3.0 Spellcasting
 + Level 5.9 Summonings


You had 6 spell levels left.
You knew the following spells:

 Your Spells              Type           Power        Failure   Level  Hunger
a - Summon Small Mammal   Summ           ###.         1%          1    None
b - Call Canine Familiar  Summ           ###.....     6%          3    ###....


Dungeon Overview and Level Annotations

Branches:
Dungeon (3/15)

Altars:
Hepliaklqana
Sif Muna
Trog
Uskayaw
Xom

Annotations:
D:3 exclusion: door, Ijyb


Innate Abilities, Weirdness & Mutations

You have a beak for a mouth.
You have claws for feet.
You can fly.


Message History

Your rat's corpse disappears in a puff of smoke!
The bolt of lightning misses you. The bolt of lightning hits your hound.
Your hound dies!
Your hound's corpse disappears in a puff of smoke!
Your bat closely misses Ijyb.
Casting: Call Canine Familiar
Confirm with . or Enter, or press ? or * to list all spells.
You don't have enough magic to cast that spell.
As you read the scroll labeled TATETS AKKOX, it crumbles to dust.
You feel strangely unstable.
It was a scroll of teleportation.
Your bat hits Ijyb but does no damage.
Your quokka completely misses Ijyb.
Your bat closely misses Ijyb.
Your quokka bites Ijyb but does no damage.
Ijyb hits your bat with a club.
Your bat barely misses Ijyb.
Your quokka barely misses Ijyb.
Ijyb zaps a wand.
The bolt of lightning hits your bat.
Your bat dies!
Your bat's corpse disappears in a puff of smoke!
The bolt of lightning hits you!
You die...

#.....# #. #.##.# #.....#
#.#####.##(# #.)...#
###......(##(### #....>#
#.<...##.......# #.....#
#....[##.......#
#.....####
#..............#
.........#
#.....###.##.###
.........####.#...r..##.#
..........###...@§g..##.#
..........)........#.##.#
...........######..#.##.#
...........# #..#.##.#
#########..### #..#.# ..
#..#.# #..#g# #..#<#
#..#.# #######..#.#
####.# #..........# #.#


You could see Ijyb and a friendly quokka.

Vanquished Creatures
  Natasha (twice) (D:3)
  An adder (D:2)
  5 bats
  4 goblins
  3 hobgoblins
  3 jackals (D:2)
  A giant newt (D:3)
  6 rats
25 creatures vanquished.

Vanquished Creatures (collateral kills)
  An ogre (D:3)
  3 orc priests (D:3)
  Natasha (D:3)
  An adder (D:3)
  5 worms
  A dart slug (D:2)
  7 orcs (D:3)
  A ball python (D:3)
  2 giant cockroaches
  2 hobgoblins
  6 jackals (D:2)
  8 kobolds
  A quokka (D:3)
  2 giant newts
  5 goblins
  4 rats
50 creatures vanquished.

Grand Total: 75 creatures vanquished

Notes
Turn   | Place    | Note
--------------------------------------------------------------
     0 | D:1      | Justinthyme the Tengu Summoner began the quest for the Orb.
     0 | D:1      | Reached XP level 1. HP: 10/10 MP: 4/4
   454 | D:1      | Reached XP level 2. HP: 9/15 MP: 1/6
  1931 | D:2      | Reached skill level 5 in Summonings
  1947 | D:2      | Reached XP level 3. HP: 19/19 MP: 2/8
  2002 | D:2      | Learned a level 3 spell: Call Canine Familiar
  2087 | D:2      | Found a hazy altar of Hepliaklqana.
  2201 | D:2      | Reached skill level 1 in Fighting
  2353 | D:2      | Found a bloodstained altar of Trog.
  2557 | D:3      | Found a shimmering altar of Xom.
  2562 | D:3      | Found a shimmering altar of Xom.
  2562 | D:3      | Found a shimmering altar of Xom.
  2562 | D:3      | Found a shimmering altar of Xom.
  2563 | D:3      | Found a shimmering altar of Xom.
  2563 | D:3      | Found a shimmering altar of Xom.
  2579 | D:3      | Noticed an ogre
  2612 | D:3      | Killed an ogre
  2612 | D:3      | Reached XP level 4. HP: 25/25 MP: 3/9
  2738 | D:3      | Found a deep blue altar of Sif Muna.
  2758 | D:3      | Became a worshipper of Sif Muna the Loreminder
  2969 | D:3      | Gained mutation: You can fly. [Tengu growth]
  2969 | D:3      | Reached XP level 5. HP: 16/30 MP: 6/10
  3133 | D:3      | Found a hide-covered altar of Uskayaw.
  3138 | D:3      | Noticed a dagger
  3138 | D:3      | Noticed a dagger
  3323 | D:3      | Noticed Natasha
  3336 | D:3      | Killed Natasha
  3400 | D:3      | Noticed Natasha
  3410 | D:3      | Killed Natasha
  3440 | D:3      | Noticed Natasha
  3461 | D:3      | Killed Natasha
  3732 | D:3      | Noticed Ijyb
  3750 | D:3      | Killed from afar by Ijyb

Vault maps used:
D:1:      lightli_molten_gateway
D:2:      lemuel_round_altar, first_bread, minivault_11, bh_chokoban, trog_book
D:3:      dancing_weapons_uskayaw, xom_redecorated, led_sif_book, uniq_iyjb,
          uniq_natasha

Skill      XL: |  1  2  3  4  5 |
---------------+----------------+-----
Spellcasting   | 3 |  3.0
Summonings     | 5 |  5.9
Fighting       | 1 2 |  2.6
Dodging        | 3 |  3.8
Stealth        | |  2.0

Action                   |  1- 3 |  4- 6 || total
-------------------------+-------+-------++-------
Melee: Unarmed           |     4 |    10 ||    14
       Club              |     9 |       ||     9
       Kick              |     6 |     1 ||     7
       Short sword       |    32 |    10 ||    42
       Peck              |     5 |     1 ||     6
 Cast: Summon Small Mamm |    80 |    19 ||    99
       Call Canine Famil |    10 |    12 ||    22
  Use: Scroll            |       |     2 ||     2
 Stab: Sleeping          |       |     1 ||     1
  Eat: Meat ration       |     1 |       ||     1
       Chunk             |     2 |     4 ||     6
Armor: Robe              |    14 |     5 ||    19
       Skin              |       |     1 ||     1
Dodge: Dodged            |    50 |    16 ||    66
